 Dungeon Crawl Stone Soup version 0.19-a0-1007-g133f65f (webtiles) character file.

21263 ergo the Fighter (level 12, -5/150 HPs)
             Began as a Demonspawn Gladiator on July 1, 2016.
             Was a High Priest of Okawaru.
             Slain by a death knight
             ... wielding a +3 battleaxe
              (25 damage)
             ... on level 13 of the Dungeon on July 20, 2016.
             The game lasted 01:13:47 (12800 turns).

ergo the Fighter (Demonspawn Gladiator)            Turns: 12800, Time: 01:13:47

Health: -5/150     AC: 25    Str: 25    XL:     12   Next: 52%
Magic:  20/20      EV:  9    Int: 10    God:    Okawaru [*****.]
Gold:   604        SH:  0    Dex: 17    Spells: 0 memorised, 11 levels left

rFire  . . .     SeeInvis .     S - +8 mithril axe "Arga" {speed, MR+}
rCold  . . .     Gourm    .     E - +0 plate armour
rNeg   . . .     Faith    .     (no shield)
rPois  .         Spirit   .     X - +1 hat
rElec  .         Dismiss  .     r - +0 cloak
rCorr  .         Reflect  .     B - +0 pair of gloves
SustAt .         Harm     .     G - +0 pair of boots
MR     +....                    Q - amulet of magic regeneration
Stlth  ..........               H - +2 ring of protection
                                L - +3 ring of dexterity

@: berserking, very quick, somewhat resistant to hostile enchantments, extremely
unstealthy
A: antennae 2, slimy green scales 2, powered by pain 1, spiny 2, wild magic 1
a: Heroism, Finesse, Renounce Religion


You were on level 13 of the Dungeon.
You worshipped Okawaru.
Okawaru was extremely pleased with you.
You were not hungry.

You visited 2 branches of the dungeon, and saw 14 of its levels.
You also visited: Sewer.

You collected 634 gold pieces.
You spent 30 gold pieces at shops.

Inventory:

Hand Weapons
 S - the +8 mithril axe "Arga" (weapon) {speed, MR+}
   (You found it on level 10 of the Dungeon)

   Attacks with this weapon are significantly faster.
   It affects your resistance to hostile enchantments.
Missiles
 d - 4 throwing nets
 V - 7 exploding tomahawks (quivered)
Armour
 r - a +0 cloak (worn)
 B - a +0 pair of gloves (worn)
 E - a +0 plate armour (worn)
 G - a +0 pair of boots (worn)
 X - a +1 hat (worn)
Jewellery
 H - a +2 ring of protection (right hand)
 L - a +3 ring of dexterity (left hand)
 Q - an amulet of magic regeneration (around neck)
 R - an uncursed ring of resist corrosion
Wands
 b - a wand of lightning (4/15)
 p - a wand of lightning (2/15)
 M - a wand of teleportation (9/9)
 U - a wand of disintegration (17/24)
Scrolls
 a - a scroll of fear
 e - 5 scrolls of remove curse
 g - 2 scrolls of magic mapping
 i - a scroll of amnesia
 k - 8 scrolls of teleportation
 l - 5 scrolls of fog
 o - 3 scrolls of recharging
 w - a scroll of blinking
 I - 7 scrolls of identify
 T - a scroll of enchant armour {unknown}
Potions
 h - 2 potions of agility
 m - a potion of lignification
 s - a potion of brilliance
 D - a potion of berserk rage
 J - 3 potions of flight
Books
 y - a book of the Earth

   Spells                             Type                      Level
   a - Leda's Liquefaction            Hexes/Earth                  4
   b - Bolt of Magma                  Conjuration/Fire/Earth       5
   c - Statue Form                    Transmutation/Earth          6
   d - Iron Shot                      Conjuration/Earth            6
   e - Shatter                        Earth                        9
 A - a book of Necromancy

   Spells                             Type                      Level
   a - Pain                           Necromancy                   1
   b - Animate Skeleton               Necromancy                   1
   c - Vampiric Draining              Necromancy                   3
   d - Regeneration                   Charms/Necromancy            3
   e - Animate Dead                   Necromancy                   4
   f - Control Undead                 Necromancy                   4
 P - an Akashic Record

   Spells                             Type                      Level
   a - Dispersal                      Translocation                6
   b - Malign Gateway                 Summoning/Translocation      7
   c - Disjunction                    Translocation                8
   d - Controlled Blink               Translocation                8
Comestibles
 f - 10 bread rations
 j - 2 beef jerkies
 q - 9 meat rations
 u - 3 royal jellies
 C - 33 fruits


   Skills:
 - Level 11.6 Fighting
 * Level 9.2(9.4) Axes
   Level 3.0(6.6) Polearms
 - Level 1.7 Throwing
 - Level 10.6 Armour
 - Level 2.6 Dodging
 + Level 11.3 Invocations


You had 11 spell levels left.
You didn't know any spells.

Dungeon Overview and Level Annotations

Branches:
Dungeon (13/15)            Temple (0/1) D:7             Orc (1/2) D:10
   Lair: D:8-11      Vaults: D:13-14

Altars:
Cheibriados
Okawaru
Sif Muna
Zin

Shops:
D:6 ?   D:7 %   D:10 ?=}%


Innate Abilities, Weirdness & Mutations

You have a pair of antennae on your head.
You are mostly covered in slimy green scales. (AC +3)
You sometimes gain a little power by taking damage.
You are mostly covered in sharp spines.
Your spells are a little harder to cast, but a little more powerful.


Message History

The death knight hits you but does no damage.
You hit the death knight.
The death knight is moderately wounded.
The death knight closely misses you.
You slice the death knight!!
The death knight is heavily wounded.
The death knight hits you with an enchanted battleaxe.
* * * LOW HITPOINT WARNING * * *
You completely miss the death knight.
The death knight is heavily wounded.
You barely miss the death knight.
The death knight is heavily wounded.
The death knight is struck by your spines.
The death knight hits you with an enchanted battleaxe!
* * * LOW HITPOINT WARNING * * *
A red film seems to cover your vision as you go berserk!
You feel yourself moving faster!
You feel mighty!
You feel yourself speed up.
The death knight hits you with an enchanted battleaxe!!
You die...

#......# #.#.##.#
#.#.##.## # #.....#
# ####..#
#####.##### #..#
.........W##.####..#
.##.....#p##...[...#
##...##@########.#
##.# #..........# ##
############


You could see a death knight and a wraith.

Vanquished Creatures
  Gastronok (D:11)
  Fannar (D:11)
  Erica (D:11)
  A centaur warrior (D:13)
  A tengu warrior (D:11)
  A queen ant (D:8)
  Urug (D:11)
  Nergalle (D:12)
  3 hill giants
  4 ugly things
  2 manticores
  2 trolls
  14 yaks
  Sigmund (D:2)
  A wraith (D:12)
  A water elemental (D:11)
  The ghost of SirSavien the Ruffian, an amateur DrTm (D:3)
  2 hungry ghosts (D:9)
  7 soldier ants (D:8)
  A water moccasin (D:8)
  4 orc warriors
  A black bear (D:8)
  6 ice beasts
  7 sky beasts
  2 centaurs
  5 ogres
  A wolf (D:11)
  3 phantoms
  2 big kobolds (D:10)
  9 giant frogs
  4 scorpions
  9 killer bees
  7 wights (D:10)
  4 howler monkeys
  8 crimson imps
  11 hounds
  A giant frog zombie (D:12)
  A centaur skeleton (D:8)
  4 giant frog skeletons
  8 orc priests
  4 jellies
  2 iguanas
  17 orc wizards
  33 worker ants
  A hound zombie (D:6)
  A hound skeleton (D:8)
  A worker ant zombie (D:9)
  11 gnolls (D:4)
  15 adders
  3 howler monkey skeletons
  4 shadow imps
  An ooze (D:2)
  An adder skeleton (D:4)
  2 worms
  14 dart slugs
  7 giant geckos
  43 orcs
  12 giant cockroaches
  8 goblins
  7 hobgoblins
  18 jackals
  8 kobolds
  3 quokkas
  A ball python (Sewer)
  15 bats
  3 giant newts
  A jackal skeleton (D:4)
  3 quokka skeletons
  8 rats
391 creatures vanquished.

Notes
Turn   | Place    | Note
-------+----------+-------------------------------------------
     0 | D:1      | ergo the Demonspawn Gladiator began the quest for the Orb.
     0 | D:1      | Reached XP level 1. HP: 16/16 MP: 1/1
   182 | D:1      | Gained mutation: You have a pair of small antennae on your head. [demonic ancestry]
   182 | D:1      | Reached XP level 2. HP: 15/22 MP: 2/2
   546 | D:1      | Reached skill level 1 in Armour
   972 | D:2      | Gained mutation: You sometimes gain a little power by taking damage. [demonic ancestry]
   972 | D:2      | Reached XP level 3. HP: 28/28 MP: 3/3
  1540 | D:2      | Noticed Sigmund
  1547 | D:2      | Gained mutation: You occasionally shout uncontrollably at your foes. [potion of mutation]
  1547 | D:2      | Gained mutation: You are resistant to hostile enchantments. (MR+) [potion of mutation]
  1547 | D:2      | Gained mutation: You are frail. (-10% HP) [potion of mutation]
  1558 | D:2      | Killed Sigmund
  1558 | D:2      | Gained mutation: You are partially covered in sharp spines. [demonic ancestry]
  1558 | D:2      | Reached XP level 4. HP: 21/33 MP: 4/4
  1558 | D:2      | Reached XP level 5. HP: 23/37 MP: 5/5
  2099 | D:3      | Noticed SirSavien's ghost (amateur DrTm)
  2183 | D:2      | Reached XP level 6. HP: 21/44 MP: 6/6
  2468 | D:3      | Killed SirSavien's ghost
  2468 | D:3      | Reached skill level 5 in Fighting
  3015 | D:4      | Found a glowing silver altar of Zin.
  3036 | D:4      | Reached XP level 7. HP: 40/50 MP: 7/7
  3487 | D:4      | Reached skill level 5 in Armour
  3872 | D:4      | Found a deep blue altar of Sif Muna.
  4363 | D:5      | Entered Level 5 of the Dungeon
  4636 | D:5      | Gained mutation: You are partially covered in slimy green scales. (AC +2) [demonic ancestry]
  4636 | D:5      | Reached XP level 8. HP: 51/58 MP: 8/8
  5105 | D:5      | Found an iron altar of Okawaru.
  5194 | D:5      | Became a worshipper of Warmaster Okawaru
  5613 | D:6      | Reached * piety under Okawaru
  5676 | D:6      | Found a glowing drain.
  5692 | Sewer    | Entered a sewer
  6222 | D:6      | Found Gonikap's Magic Scroll Emporium.
  6225 | D:6      | Bought a scroll of identify for 30 gold pieces
  6245 | D:6      | Gained mutation: You are mostly covered in sharp spines. [demonic ancestry]
  6245 | D:6      | Reached XP level 9. HP: 67/67 MP: 9/9
  6379 | D:6      | Reached skill level 1 in Invocations
  6770 | D:7      | Reached ** piety under Okawaru
  6831 | D:7      | Found Ehocosch's Food Emporium.
  6873 | D:7      | Gained mutation: Your magical capacity is low. (-10% MP) [mutagenic meat]
  6876 | D:7      | Gained mutation: Your mind is acute. (Int +2) [mutagenic meat]
  6879 | D:7      | Gained mutation: Your natural rate of healing is unusually fast. [mutagenic meat]
  7101 | D:7      | Found a staircase to the Ecumenical Temple.
  7784 | D:8      | Reached *** piety under Okawaru
  7958 | D:8      | Noticed a queen ant
  7995 | D:8      | Killed a queen ant
  7995 | D:8      | Reached skill level 10 in Fighting
  7995 | D:8      | Gained mutation: You have a pair of antennae on your head. [demonic ancestry]
  7995 | D:8      | Reached XP level 10. HP: 42/76 MP: 10/12
  8014 | D:8      | Reached skill level 5 in Invocations
  8041 | D:8      | Reached **** piety under Okawaru
  8661 | D:9      | Reached skill level 10 in Armour
  8718 | D:9      | Lost mutation: You are frail. (-10% HP) [potion of mutation]
  9191 | D:9      | Lost mutation: Your magical capacity is low. (-10% MP) [mutagenic meat]
  9197 | D:9      | Gained mutation: You possess an exceptional clarity of mind. [mutagenic meat]
  9290 | D:10     | Entered Level 10 of the Dungeon
  9333 | D:10     | Found a staircase to the Orcish Mines.
  9361 | D:10     | Found Gyliojutz's Jewellery Emporium.
  9393 | D:10     | Found Higic's Gadget Shop.
  9472 | D:10     | Found Koaroih's Food Shop.
  9506 | D:10     | Gained mutation: You are mostly covered in slimy green scales. (AC +3) [demonic ancestry]
  9506 | D:10     | Reached XP level 11. HP: 84/93 MP: 15/15
  9530 | D:10     | Found Gexzuude's Food Shoppe.
  9588 | D:10     | Reached ***** piety under Okawaru
  9744 | D:10     | Found Ocacs's Magic Scroll Emporium.
  9833 | D:10     | Noticed a hill giant
  9839 | D:10     | Killed a hill giant
  9839 | D:10     | Reached skill level 1 in Axes
  9912 | Orc:1    | Entered Level 1 of the Orcish Mines
 10014 | D:11     | Noticed Gastronok
 10049 | D:11     | Killed Gastronok
 10049 | D:11     | Received a gift from Okawaru
 10238 | D:11     | Noticed Fannar
 10266 | D:11     | Killed Fannar
 10266 | D:11     | Reached skill level 5 in Axes
 10563 | D:11     | Found a snail-covered altar of Cheibriados.
 10591 | D:11     | Received a gift from Okawaru
 10655 | D:11     | Noticed Urug
 10663 | D:11     | Killed Urug
 11137 | D:11     | Noticed Erica
 11147 | D:11     | Killed Erica
 11332 | D:11     | Noticed a tengu warrior
 11338 | D:11     | Killed a tengu warrior
 11462 | D:11     | Noticed a purple ugly thing
 11471 | D:11     | Killed a purple ugly thing
 11520 | D:12     | Reached XP level 12. HP: 89/100 MP: 19/19
 11544 | D:12     | Reached skill level 10 in Invocations
 11555 | D:12     | Lost mutation: Your mind is acute. (Int +2) [potion of cure mutation]
 11555 | D:12     | Lost mutation: You are resistant to hostile enchantments. (MR+) [potion of cure mutation]
 11555 | D:12     | Lost mutation: Your natural rate of healing is unusually fast. [potion of cure mutation]
 11555 | D:12     | Lost mutation: You occasionally shout uncontrollably at your foes. [potion of cure mutation]
 11555 | D:12     | Lost mutation: You possess an exceptional clarity of mind. [potion of cure mutation]
 11568 | D:12     | Gained mutation: Your spells are a little harder to cast, but a little more powerful. [potion of beneficial mutation]
 11668 | D:12     | Noticed Nergalle
 11678 | D:12     | Killed Nergalle
 12372 | D:12     | Upgraded the game from 0.19-a0-835-gf140595 to 0.19-a0-1007-g133f65f
 12457 | D:13     | Noticed a centaur warrior
 12469 | D:13     | Killed a centaur warrior
 12778 | D:13     | Noticed a death knight
 12800 | D:13     | Slain by a death knight

Vault maps used:
D:1:      minmay_arrival_cross
D:2:      first_bread, minmay_hedge_maze, uniq_sigmund
D:4:      zin_academy, lemuel_blue_sif_altar
D:5:      kennysheep_slugbush, okawaru_gym_becter
D:6:      minmay_flawed_box, gup_sewer_entry_glass, serial_shops,
          nicolae_shop_behind_doors
D:7:      serial_shops, shop_statue
D:8:      zaba_antful_of_joy
D:10:     orc_0_dummy, serial_shops, nicolae_shop_competitors_out_of_business,
          shop_statue, shop, shop, shop_fountains
D:11:     erik_lair_island, grunt_tengu_nest, cheibriados_altar_1,
          uniq_gastronok, uniq_fannar, uniq_urug, uniq_erica
D:12:     uniq_nergalle
Orc:1:    mines3_lemuel
Sewer:    sewer_fruit_machine

Skill      XL: |  1  2  3  4  5  6  7  8  9 10 11 12 |
---------------+-------------------------------------+-----
Armour         | 1 3 4 5 7 9 10 | 10.6
Polearms       | 3 |  3.0
Fighting       | 4 5 6 8 10 11 | 11.6
Invocations    | 4 6 9 11 | 11.3
Axes           | 6 9 |  9.2
Throwing       | |  1.7
Dodging        | |  2.6

Action                   |  1- 3 |  4- 6 |  7- 9 | 10-12 || total
-------------------------+-------+-------+-------+-------++-------
Melee: Trident           |   129 |    98 |   128 |       ||   355
       Scythe            |       |       |   258 |   218 ||   476
       Broad axe         |       |       |       |   269 ||   269
Throw: Tomahawk          |       |       |       |     1 ||     1
Invok: Heroism           |       |       |     1 |     4 ||     5
  Use: Potion            |     2 |     1 |     7 |    11 ||    21
       Scroll            |       |     1 |    14 |     1 ||    16
 Stab: Sleeping          |     1 |       |       |       ||     1
  Eat: Chunk             |     1 |     6 |    21 |    22 ||    50
       Fruit             |       |       |       |     4 ||     4
       Pizza             |       |       |       |     1 ||     1
Armor: Leather armour    |    30 |       |       |       ||    30
       Ring mail         |       |    30 |   161 |       ||   191
       Plate armour      |       |       |    31 |   333 ||   364
Dodge: Dodged            |    72 |    42 |   234 |   182 ||   530
